 Dungeon Crawl Stone Soup version 0.29.1-2-gbd0b4ee654 (webtiles) character file.

Game seed: 10878520774883711376

27 GorkyZ the Magician (level 2, 0/15 HPs)
             Began as a Deep Elf Air Elementalist on Nov 18, 2022.
             Slain by a jackal (1 damage)
             ... on level 1 of the Dungeon.
             The game lasted 00:03:46 (1019 turns).

GorkyZ the Magician (Deep Elf Air Elementalist)     Turns: 1019, Time: 00:03:47

Health: 0/15       AC:  2    Str:  5    XL:     2   Next: 93%
Magic:  4/8        EV: 13    Int: 19    God:
Gold:   74         SH:  0    Dex: 15    Spells: 6/7 levels left

rFire   . . .      SeeInvis .   (no weapon)
rCold   . . .      Faith    .   (no shield)
rNeg    . . .      Spirit   .   a - +0 robe
rPois   .          Reflect  .   (no helmet)
rElec   .          Harm     .   f - scarf {repulsion}
rCorr   .          Rampage  .   (no gloves)
Will    .....                   (no boots)
Stlth   ++........              (no amulet)
HPRegen 0.05/turn               (no ring)
MPRegen 0.11/turn               (no ring)

@: repel missiles
A: no striking features
a: no special abilities


You were on level 1 of the Dungeon.
You visited 1 branch of the dungeon, and saw 1 of its levels.

You collected 74 gold pieces.

Inventory:

Armour
 a - a +0 robe (worn)
 f - a scarf of repulsion (worn)
Scrolls
 c - a scroll of poison {unknown}
 d - a scroll of acquirement {unknown}
 h - a scroll of identify {unknown}
 i - a scroll of magic mapping {unknown}
 k - a scroll of butterflies {unknown}
Potions
 b - a potion of magic
 e - a potion of flight {unknown}
 g - 3 potions of curing {unknown}
 j - 2 potions of ambrosia {unknown}


   Skills:
 + Level 2.9 Dodging
 - Level 2.4 Stealth
 + Level 3.4 Spellcasting
 + Level 1.7 Conjurations
 + Level 3.2 Air Magic
 + Level 1.0 Poison Magic


You had 6 spell levels left.
You knew the following spells:

 Your Spells              Type           Power      Damage    Failure   Level
a - Shock                 Conj/Air       48%        1d6       5%          1

Your spell library contained the following spells:

 Spells                   Type           Power      Damage    Failure   Level
 Static Discharge         Conj/Air       12%        3-5/arc   8%          2
 Swiftness                Air            15%        N/A       12%         3
 Airstrike                Air            7%         2d(2-18)  36%         4


Dungeon Overview and Level Annotations

Branches:
Dungeon (1/15)

Altars:


Message History

You kill the rat!
You can't see any susceptible monsters within range! (Use Z to cast anyway.)
j - 2 viscous black potions (gained 1)
You see here a rat corpse.
Found a robe.
Found 4 poisoned darts.
You see here a +0 robe.
A goblin comes into view. It is wielding a +0 club.
The zap hits the goblin.
The goblin is moderately wounded.
The goblin shouts!
The zap hits the goblin.
The goblin is heavily wounded.
The zap hits the goblin.
You kill the goblin!
Things that are here:
a +0 club; 4 poisoned darts; a goblin corpse
Things that are here:
a +0 club; 4 poisoned darts; a goblin corpse 2 jackals come into view.
The jackal barks!
The zap misses the jackal.
The jackal barks!
The jackal misses you.
The zap misses the jackal.
The jackal barely misses you.
The zap misses the jackal.
The jackal barely misses you.
The zap hits the jackal.
The jackal is lightly wounded.
The jackal barely misses you. The jackal bites you. x2
The zap hits the jackal.
The jackal is heavily wounded.
The jackal bites you. x2
The jackal attacks as you move away! The jackal bites you.
* * * LOW HITPOINT WARNING * * *
The jackal attacks as you move away! The jackal bites you.
* * * LOW HITPOINT WARNING * * *
The jackal barely misses you. The jackal bites you.
* * * LOW HITPOINT WARNING * * *
The jackal attacks as you move away! The jackal bites you.
You die...

##.#### #.....#
#.#)..# #.....#
##.##.# #.....#
####.# #.....# #.#
####### #.# #.#
#.###############.
#......@h#........
#######h...#####..
#....#####..#
#...........#
####.#####.##
#.......#
#.......#
#########


You could see 2 jackals.

Vanquished Creatures
  A dart slug (D:1)
  4 bats (D:1)
  An endoplasm (D:1)
  5 goblins (D:1)
  A hobgoblin (D:1)
  2 jackals (D:1)
  3 quokkas (D:1)
  A frilled lizard (D:1)
  4 rats (D:1)
22 creatures vanquished.

Notes
Turn   | Place    | Note
-------+----------+-------------------------------------------
     0 | D:1      | GorkyZ the Deep Elf Air Elementalist began the quest for
                  | the Orb.
     0 | D:1      | Reached XP level 1. HP: 10/10 MP: 6/6
   318 | D:1      | Reached XP level 2. HP: 15/15 MP: 1/8
   728 | D:1      | Reached skill level 1 in Poison Magic
  1019 | D:1      | Slain by a jackal

Illustrated notes

Levels and vault maps discovered:
D:1:      lightli_arrival_noodles, layout_loops_cross

Skill      XL: |  1  2 |
---------------+-------+-----
Poison Magic   | 1 |  1.0
Dodging        | |  2.9
Stealth        | |  2.4
Spellcasting   | |  3.4
Conjurations   | |  1.7
Air Magic      | |  3.2

Action                   || total
-------------------------++-------
 Cast: Shock             ||    59
Dodge: Dodged            ||    12
